 Dungeon Crawl Stone Soup version 0.24-a0-375-g4de66ed42b (webtiles) character file.

Game seed: 14214911739596452351

3 Gargoyl the Skirmisher (level 1, -4/19 HPs)
             Began as a Centaur Abyssal Knight on May 31, 2019.
             Was a Follower of Lugonu.
             Slain by a reaper
             ... wielding a +1 scythe of venom
              (9 damage)
             ... on level 2 of the Abyss.
             The game lasted 00:00:32 (126 turns).

Gargoyl the Skirmisher (Centaur Abyssal Knight)      Turns: 126, Time: 00:00:33

Health: -4/19      AC:  4    Str: 14    XL:     1   Next: 41%
Magic:  0/2        EV:  9    Int: 11    God:    Lugonu [*.....]
Gold:   17         SH:  0    Dex:  8    Spells: 0/0 levels left

rFire    . . .     SeeInvis .   a - +1 hand axe
rCold    + . .     Gourm    .   (no shield)
rNeg     . . .     Faith    .   b - +0 leather armour
rPois    .         Spirit   .   (no helmet)
rElec    .         Reflect  .   (no cloak)
rCorr    .         Harm     .   (no gloves)
MR       .....                  (no barding)
Stlth    ..........             (no amulet)
HPRegen  0.06/turn              e - ring of protection from cold
MPRegen  0.08/turn              (no ring)

@: very quick
A: large, hooves 3, deformed body, speed 2, tough skin 3
a: Depart the Abyss, Renounce Religion


You were on level 2 of the Abyss.
You worshipped Lugonu.
Lugonu was aware of your devotion.
You were not hungry.

You visited 0 branches of the dungeon, and saw 0 of its levels.
You visited the Abyss 1 time.

You collected 17 gold pieces.

Inventory:

Hand Weapons
 a - a +1 hand axe (weapon)
Armour
 b - a +0 leather armour (worn)
Jewellery
 e - a ring of protection from cold (left hand)
Scrolls
 d - a scroll of teleportation {unknown}
Comestibles
 c - a ration


   Skills:
 + Level 3.1 Fighting
 + Level 1.8 Axes
 + Level 1.4 Armour
 + Level 0.6 Dodging
 + Level 2.0 Invocations


You couldn't memorise any spells.
You didn't know any spells.
Your spell library was empty.

Dungeon Overview and Level Annotations

Branches:
Dungeon (0/15)

Altars:


Innate Abilities, Weirdness & Mutations

You have hooves in place of feet.
Armour fits poorly on your strangely shaped body.
You cover ground very quickly.
You have extremely tough skin. (AC +3)


Message History

The ufetubus is heavily wounded.
The ufetubus closely misses you. The ufetubus hits you.
* * * LOW HITPOINT WARNING * * *
The smoke demon gestures at you. The ball of steam misses you.
The ufetubus misses you. The ufetubus barely misses you.
A small abomination comes into view.
The ufetubus is engulfed in a cloud of scalding steam.
The ufetubus dies!
You hear a chilling moan.
A starcursed mass comes into view.
A starcursed mass splits.
A starcursed mass splits.
An eye of draining and a reaper come into view.
The reaper is wielding a +1 scythe of venom.
The eye of draining turns its gaze towards you.
The eye of draining gazes at you.
You feel your power leaking away.
The reaper hits you from afar with a +1 scythe of venom!
You die...

#..X#....#...##.#..##
#X ...X..##........#
...#...##.#.#.#...#.#
. #.## #.....#.#....
##...#...........#
#.....#...##
#####..#.#.. #...###
#.###@.# #.#.G..#
##.2..## #....##
#...# ..#$# ##...
.#..


You could see a starcursed mass, a reaper and an eye of draining.

Vanquished Creatures (others)
  An ufetubus (Abyss:2)
1 creature vanquished.

Notes
Turn   | Place    | Note
-------+----------+-------------------------------------------
     0 | Abyss:1  | Gargoyl the Centaur Abyssal Knight began the quest for the
                  | Orb.
     0 | Abyss:1  | Reached XP level 1. HP: 19/19 MP: 2/2
    64 | Abyss:2  | Found a basalt altar of Yredelemnul.
    89 | Abyss:2  | Noticed a smoke demon
    94 | Abyss:2  | Noticed a small abomination
   116 | Abyss:2  | Noticed a starcursed mass
   126 | Abyss:2  | Noticed a reaper
   126 | Abyss:2  | Noticed an eye of draining
   126 | Abyss:2  | Slain by a reaper

Levels and vault maps discovered:
Abyss:2:  hangedman_abyss_or_decor_stabs

Action                   || total
-------------------------++-------
Melee: Hand axe          ||     6
  Use: Scroll            ||     1
Armor: Leather armour    ||     4
Dodge: Dodged            ||    11

Table legend:
 A = Non-vault XP
 B = Vault XP
 C = Vault XP percentage of total XP
 D = Non-vault monster count
 E = Vault monster count
 F = Vault count percentage of total count
                 A         B        C        D         E       F
            +---------+---------+-------+---------+---------+-------
      Total |       5 |       0 |   0.0 |       1 |       0 |   0.0
            +---------+---------+-------+---------+---------+-------
    Abyss:2 |       5 |       0 |   0.0 |       1 |       0 |   0.0
            +---------+---------+-------+---------+---------+-------
